cohdb
Replays
Latest Replays
All Replays
Popular Replays
Top Player Replays
Match Explorer
How It Works
Community
CoH3 Stats
Reddit
Sign in to upload your games and track your stats! →
Sign in with Steam
Match 45242916
Unlisted
Match 45242916
Overview
Messages
Build Orders
End
Kettenkrad Recon Vehicle
Construct Infanterie Kompanie
MG 42 Machine Gun Team
MG 42 Machine Gun Team
Grenadier Squad
Grenadier Squad
Construct Panzergrenadier Kompanie
251 Medium Carrier
Selects Breakthrough Battlegroup
Selects Assault Grenadiers
GrW 34 Mortar Team
MG 42 Bunker
Pak 40 Anti-tank Gun Team
Panzergrenadier Squad
Forward Retreat Point
Construct Panzer Kompanie
251 Medium Carrier
Panzer IV Medium Tank
Panzergrenadier Squad
Panzer IV Medium Tank
Selects Breakthrough
Selects Incendiary Bombing Run
Side Skirts
Incendiary Bombing Run
Breakthrough
Incendiary Bombing Run
Selects 2.5-tonne Cargo Truck
Selects Blitzkrieg
Panzergrenadier Squad
Selects Tiger Heavy Tank
Tiger Heavy Tank
Incendiary Bombing Run
Pioneer Squad
Grenadier Squad
Breakthrough
MG 42 Bunker
Incendiary Bombing Run
Butcher
泰伦
熊猫Real tiger
TEA OR STH STRONGER
anioki
Sky Blues
Shaka
Jun Beg
0
0
Comments
sign in to comment!
No comments posted yet!